 Dungeon Crawl Stone Soup version 0.23.2-1-ga50397a (webtiles) character file.

Game seed: 13424390816805343047

1647 Kairos the Sneak (level 9, -2/76 (78) HPs)
             Began as a Naga Enchanter on Apr 25, 2019.
             Was an Initiate of Gozag.
             Killed from afar by a death drake (shapeshifter) (16 damage)
             ... with a foul vapour
             ... on level 1 of the Abyss.
             The game lasted 00:20:24 (10083 turns).

Kairos the Sneak (Naga Enchanter)                  Turns: 10083, Time: 00:20:24

HP:   -2/76 (78)    AC:  5    Str: 12    XL:     9   Next: 0%
MP:   21/21         EV: 12    Int: 16    God:    Gozag
Gold: 962           SH:  0    Dex: 19    Spells: 8/12 levels left

rFire    . . .     SeeInvis +   x - +3 dire flail
rCold    . . .     Gourm    .   (shield currently unavailable)
rNeg     . . .     Faith    .   b - +0 robe
rPois    +         Spirit   .   (no helmet)
rElec    .         Reflect  .   c - +0 cloak
rCorr    .         Harm     .   (no gloves)
MR       +....                  (no barding)
Stlth    ++++......             (no amulet)
HPRegen  0.00/turn              n - ring of magical power
MPRegen  0.17/turn              D - +6 ring of dexterity

@: non-regenerating, diseased, slowed, lightly drained, very slow
A: large, see invisible, deformed body, poison resistance, slowness 2, slow
metabolism 1, spit poison 1, AC +3
a: Spit Poison, Potion Petition, Call Merchant, Bribe Branch, Renounce Religion


You were on level 1 of the Abyss.
You worshipped Gozag.
Gozag was pleased with you.
You were near starving.

You visited 2 branches of the dungeon, and saw 8 of its levels.
You visited the Abyss 1 time.

You collected 994 gold pieces.
You paid 32 gold pieces to Gozag.

Inventory:

Hand Weapons
 a - a +1 dagger
 o - a +2 dagger of speed
 x - a +3 dire flail (weapon)
Missiles
 k - 4 tomahawks (quivered)
Armour
 b - a +0 robe (worn)
 c - a +0 cloak (worn)
 j - a scarf of resistance
Jewellery
 n - a ring of magical power (left hand)
 z - an uncursed amulet of harm
 D - a +6 ring of dexterity (right hand)
Wands
 h - a wand of enslavement (2)
 A - a wand of polymorph (5)
 C - a wand of random effects (37)
Scrolls
 f - 2 scrolls of amnesia {unknown}
 g - 4 scrolls of remove curse
 m - a scroll of noise {unknown}
 t - a scroll of enchant armour {unknown}
 u - a scroll of fear {unknown}
 w - 2 scrolls of enchant weapon {unknown}
 y - 2 scrolls of identify
 B - a scroll of fog {unknown}
Potions
 e - 2 potions of curing
 i - a potion of resistance
 l - a potion of magic {unknown}
 p - 3 potions of haste
 r - 4 potions of lignification
 s - 2 potions of invisibility {unknown}
 v - a potion of mutation {unknown}
Comestibles
 d - 4 rations


   Skills:
 + Level 4.1(3.7) Fighting
 + Level 4.9(4.4) Short Blades
 + Level 5.6(5.1) Maces & Flails
 + Level 4.5(4.0) Dodging
 + Level 6.8(6.3) Stealth
 + Level 2.1(1.7) Spellcasting
 + Level 3.6(3.1) Hexes


You had 8 spell levels left.
You knew the following spells:

 Your Spells              Type           Power        Failure   Level  Hunger
a - Corona                Hex            ##.....      6%          1    ##.....
b - Confuse               Hex            ##......     17%         3    ####...

Your spell library contained the following spells:

 Spells                   Type           Power        Failure   Level  Hunger
 Ensorcelled Hibernation  Hex/Ice        #.....       17%         2    ###....
 Tukima's Dance           Hex            ##......     17%         3    ####...
 Dazzling Spray           Conj/Hex       #.....       32%         3    ####...


Dungeon Overview and Level Annotations

Branches:
Dungeon (7/15)             Temple (1/1) D:7

Altars:
Ashenzari
Cheibriados
Dithmenos
Fedhas
Gozag
Hepliaklqana
Kikubaaqudgha
Makhleb
Nemelex Xobeh
Okawaru
Ru
Sif Muna
Xom
Yredelemnul
The Shining One

Annotations:
D:7 Joseph


Innate Abilities, Weirdness & Mutations

You cannot wear boots.
Your serpentine skin is tough. (AC +3)
You have supernaturally acute eyesight. (SInv)
Armour fits poorly on your strangely shaped body.
Your system is resistant to poisons. (rPois)
You cover ground very slowly.
You have a slow metabolism.
You can spit poison.


Message History

Press: ? - help, Shift-Dir - straight line, f/p - death drake
Aim: a death drake (foul pestilence, catching its breath)
The death drake easily resists.
You are engulfed in dark miasma.
The death drake bites you but does no damage.
Evoke which item? (* to show all) (? for menu, Esc to quit)
Aiming: Enslavement
Press: ? - help, Shift-Dir - straight line, f/p - death drake
Aim: a death drake (foul pestilence, catching its breath, chance to defeat MR: 28%)
The death drake easily resists.
You are engulfed in dark miasma.
You feel your flesh rotting away!
You feel ill.
You feel yourself slow down.
* * * LOW HITPOINT WARNING * * *
The death drake closely misses you. The death drake bites you!
* * * LOW HITPOINT WARNING * * *
The death drake breathes miasma at you. The foul vapour engulfs you!
You feel your flesh rotting away!
You feel as though you will be slow longer.
You die...
Your body crumbles into a pile of gold.

# .# . ##
.##.####.
##..#....#
#○....#
#k@###.#
#....#
#....####
#..## .. #


You could see a death drake.

Vanquished Creatures
  3 ice beasts
  2 ogres (D:4)
  A centaur (D:6)
  2 bullfrogs
  A gnoll sergeant (D:5)
  2 scorpions
  A killer bee (Temple)
  A crimson imp (D:6)
  A bullfrog zombie (D:5)
  A centaur zombie (D:5)
  4 hounds
  6 orc priests
  2 orc wizards
  A bullfrog skeleton (D:3)
  Ijyb (D:4)
  An iguana (D:7)
  A worker ant (D:6)
  A hound skeleton (D:4)
  3 howler monkey skeletons
  A howler monkey zombie (D:6)
  3 gnolls
  5 adders
  A shadow imp (D:6)
  An adder skeleton (D:6)
  An adder zombie (D:5)
  4 worms (D:2)
  2 dart slugs
  6 leopard geckos
  8 orcs
  9 giant cockroaches
  5 goblins (D:1)
  8 hobgoblins
  7 jackals (D:3)
  9 kobolds
  2 quokkas
  A ball python (D:3)
  5 bats
  6 frilled lizards
  A jackal skeleton (D:5)
  A leopard gecko zombie (D:6)
  A quokka skeleton (D:5)
  A quokka zombie (D:7)
  10 rats
133 creatures vanquished.

Notes
Turn   | Place    | Note
-------+----------+-------------------------------------------
     0 | D:1      | Kairos the Naga Enchanter began the quest for the Orb.
     0 | D:1      | Reached XP level 1. HP: 15/15 MP: 3/3
   698 | D:1      | Reached XP level 2. HP: 18/22 MP: 5/5
  1277 | D:1      | Reached skill level 5 in Stealth
  1277 | D:1      | Reached XP level 3. HP: 25/30 MP: 6/6
  2347 | D:2      | Found an opulent altar of Gozag.
  2442 | D:2      | Became a worshipper of Gozag Ym Sagoz the Greedy
  2551 | D:2      | Reached XP level 4. HP: 36/37 MP: 7/7
  2639 | D:2      | Reached skill level 1 in Fighting
  3108 | D:2      | Found a shadowy altar of Dithmenos.
  3463 | D:3      | Found a burning altar of Makhleb.
  3561 | D:3      | Reached XP level 5. HP: 38/44 MP: 8/8
  4035 | D:4      | Noticed an ogre
  4543 | D:4      | Killed an ogre
  4543 | D:4      | Reached XP level 6. HP: 52/52 MP: 9/9
  4933 | D:4      | Noticed Ijyb
  4953 | D:4      | Killed Ijyb
  4953 | D:4      | Reached XP level 7. HP: 61/61 MP: 10/10
  5117 | D:5      | Entered Level 5 of the Dungeon
  5122 | D:5      | Learned a level 3 spell: Confuse
  5563 | D:5      | Reached skill level 1 in Maces & Flails
  6496 | D:5      | Found a shimmering altar of Xom.
  7174 | D:5      | Found a sacrificial altar of Ru.
  7176 | D:5      | Found a sparkling altar of Nemelex Xobeh.
  7208 | D:5      | Reached XP level 8. HP: 69/69 MP: 11/11
  7716 | D:6      | Reached skill level 6 in Stealth
  8058 | D:6      | Found a hazy altar of Hepliaklqana.
  8605 | D:7      | Reached skill level 5 in Maces & Flails
  8782 | D:7      | Noticed Joseph
  8806 | D:7      | Found a staircase to the Ecumenical Temple.
  8812 | Temple   | Entered the Ecumenical Temple
  9635 | D:7      | Reached XP level 9. HP: 15/78 MP: 12/12
  9959 | D:7      | Cast into level 1 of the Abyss (gnoll sergeant)
 10079 | Abyss:1  | Noticed a death drake
 10083 | Abyss:1  | Killed from afar by a death drake (shapeshifter)

Skill      XL: |  1  2  3  4  5  6  7  8 |
---------------+-------------------------+-----
Stealth        | 5 6 |  6.8
Fighting       | 1 2 3 4 |  4.1
Dodging        | 2 3 4 |  4.5
Short Blades   | 2 3 4 |  4.9
Maces & Flails | 2 5 |  5.6
Spellcasting   | |  2.1
Hexes          | |  3.6

Action                   |  1- 3 |  4- 6 |  7- 9 || total
-------------------------+-------+-------+-------++-------
Melee: Dagger            |   148 |   168 |     5 ||   321
       Dire flail        |       |       |   222 ||   222
 Cast: Confuse           |       |       |     3 ||     3
       Corona            |       |       |     1 ||     1
 Abil: Spit Poison       |    36 |    35 |    13 ||    84
Evoke: Wand              |       |       |     3 ||     3
  Use: Potion            |     2 |     1 |     5 ||     8
       Scroll            |       |     4 |     4 ||     8
 Stab: Sleeping          |     1 |       |     7 ||     8
       Distracted        |       |       |     2 ||     2
  Eat: Chunk             |     5 |       |       ||     5
       Ration            |       |     2 |     4 ||     6
Armor: Robe              |    52 |    11 |    75 ||   138
       Skin              |       |     8 |       ||     8
Dodge: Dodged            |   108 |    67 |   213 ||   388
